Workbook

Sheet Premissas
A1: TORRE ALTEZZA · PREMISSAS DO MODELO
A2: Azul = edite aqui · Preto = fórmula · Fonte: specs/qc01-lote21-altezza29-projeto-viabilidade.md | D2: S-curve obra
A3: Unidades core (108 m²) | B3: 84 | D3: 0.03 | E3: spec Altezza 29: pav. 1–21, 4/andar
A4: Preço core (R$) — R$10.000/m² | B4: 1080000 | D4: 0.03 | E4: input Leandro: R$ 10.000/m²
A5: Unidades Sky (160 m²) | B5: 14 | D5: 0.03 | E5: pav. 22–28, 2/andar
A6: Preço Sky (R$) — R$12.500/m² | B6: 2000000 | D6: 0.03 | E6: faixa Leandro 1,4–1,6 M (meio)
A7: VGV (R$) | B7: =B3*B4+B5*B6 | D7: 0.046667 | E7: fórmula
B8: =B3*108+B5*160 | D8: 0.046667
A9: Privativa (m²) | B9: =B3*100+B5*150 | D9: 0.046667 | E9: fórmula
A10: Fator equivalente NBR 12721 | B10: 1.39 | D10: 0.046667 | E10: medido no v1 (14.700/10.600); caderno completo dá 1,47
A11: Custo de obra (R$/m² equiv) | B11: 3200 | D11: 0.068889 | E11: SINAPI-MG 07/2026 R$1.860 × 1,72 alto padrão — O GATE
A12: Obra total (R$) | B12: =B9*B10*B11 | D12: 0.068889 | E12: fórmula
D13: 0.022222
A14: Permuta do terreno (% VGV) | B14: 0.12 | D14: 0.022222 | E14: input Leandro — paga em receita, não sai caixa
A15: Fator receita da SPE | B15: =1-B14 | D15: 0.022222 | E15: fórmula (88%)
D16: 0.041453
A17: Vendido no lançamento | B17: 0.3 | D17: 0.041453 | E17: meta do playbook
A18: VSO mensal (do estoque) | B18: 0.035 | D18: 0.041453 | E18: conservador vs Brain 3D 76,5%/12m
A19: Recebido na obra | B19: 0.4 | D19: 0.041453 | E19: convenção da casa (dossiê v1)
A20: Recebido nas chaves | B20: 0.6 | D20: 0.019231 | E20: fórmula espelho
A21: Meses de obra | B21: 30 | D21: 0.019231 | E21: 28 pav → ~30 m
A22: Cauda pós-entrega (meses) | B22: 12 | D22: 0.019231
D23: 0.019231
A24: Corretagem (s/ venda) | B24: 0.04 | D24: 0.019231
A25: Marketing (s/ VGV) | B25: 0.03 | D25: 0.035897
A26: — fração no lançamento | B26: 0.4 | D26: 0.035897
A27: SG&A (s/ VGV) | B27: 0.04 | D27: 0.035897
A28: RET (s/ recebido) | B28: 0.04 | D28: 0.035897 | E28: patrimônio de afetação
A29: Outras (s/ VGV) | B29: 0.05 | D29: 0.016667 | E29: financeiro/jurídico/diversos
D30: 0.016667
D31: 0.025
D32: 0.025
D33: =SUM(D3:D32) | E33: tem de ser 100% — pesos do cronograma do dossiê v1

Sheet Fluxo Mensal
A1: Mês | B1: Estoque inicial (R$) | C1: Vendas (R$) | D1: Recebimentos (R$) | E1: Coorte na obra (R$/mês) | F1: Obra (R$) | G1: Corretagem | H1: Marketing | I1: SG&A | J1: RET | K1: Outras | L1: Líquido (R$) | M1: Acumulado (R$)
A2: 0 | B2: =Premissas!$B$7 | C2: =Premissas!$B$7*Premissas!$B$17 | D2: =IF(A2<Premissas!$B$21,SUM($E$2:E2),IF(A2=Premissas!$B$21,SUM($C$2:C1)*Premissas!$B$15*Premissas!$B$20+C2*Premissas!$B$15,C2*Premissas!$B$15)) | E2: =IF(A2<Premissas!$B$21,C2*Premissas!$B$15*Premissas!$B$19/(Premissas!$B$21-A2),0) | F2: =IF(A2<Premissas!$B$21,Premissas!$B$12*INDEX(Premissas!$D$3:$D$32,A2+1),0) | G2: =C2*Premissas!$B$24 | H2: =IF(A2=0,Premissas!$B$7*Premissas!$B$25*Premissas!$B$26,IF(A2<=Premissas!$B$21,Premissas!$B$7*Premissas!$B$25*(1-Premissas!$B$26)/Premissas!$B$21,0)) | I2: =Premissas!$B$7*Premissas!$B$27/43 | J2: =D2*Premissas!$B$28 | K2: =Premissas!$B$7*Premissas!$B$29/43 | L2: =D2-F2-G2-H2-I2-J2-K2 | M2: =L2
A3: 1 | B3: =B2-C2 | C3: =IF(A3<=Premissas!$B$21,B3*Premissas!$B$18,B3/(43-A3)) | D3: =IF(A3<Premissas!$B$21,SUM($E$2:E3),IF(A3=Premissas!$B$21,SUM($C$2:C2)*Premissas!$B$15*Premissas!$B$20+C3*Premissas!$B$15,C3*Premissas!$B$15)) | E3: =IF(A3<Premissas!$B$21,C3*Premissas!$B$15*Premissas!$B$19/(Premissas!$B$21-A3),0) | F3: =IF(A3<Premissas!$B$21,Premissas!$B$12*INDEX(Premissas!$D$3:$D$32,A3+1),0) | G3: =C3*Premissas!$B$24 | H3: =IF(A3=0,Premissas!$B$7*Premissas!$B$25*Premissas!$B$26,IF(A3<=Premissas!$B$21,Premissas!$B$7*Premissas!$B$25*(1-Premissas!$B$26)/Premissas!$B$21,0)) | I3: =Premissas!$B$7*Premissas!$B$27/43 | J3: =D3*Premissas!$B$28 | K3: =Premissas!$B$7*Premissas!$B$29/43 | L3: =D3-F3-G3-H3-I3-J3-K3 | M3: =M2+L3
A4: 2 | B4: =B3-C3 | C4: =IF(A4<=Premissas!$B$21,B4*Premissas!$B$18,B4/(43-A4)) | D4: =IF(A4<Premissas!$B$21,SUM($E$2:E4),IF(A4=Premissas!$B$21,SUM($C$2:C3)*Premissas!$B$15*Premissas!$B$20+C4*Premissas!$B$15,C4*Premissas!$B$15)) | E4: =IF(A4<Premissas!$B$21,C4*Premissas!$B$15*Premissas!$B$19/(Premissas!$B$21-A4),0) | F4: =IF(A4<Premissas!$B$21,Premissas!$B$12*INDEX(Premissas!$D$3:$D$32,A4+1),0) | G4: =C4*Premissas!$B$24 | H4: =IF(A4=0,Premissas!$B$7*Premissas!$B$25*Premissas!$B$26,IF(A4<=Premissas!$B$21,Premissas!$B$7*Premissas!$B$25*(1-Premissas!$B$26)/Premissas!$B$21,0)) | I4: =Premissas!$B$7*Premissas!$B$27/43 | J4: =D4*Premissas!$B$28 | K4: =Premissas!$B$7*Premissas!$B$29/43 | L4: =D4-F4-G4-H4-I4-J4-K4 | M4: =M3+L4
A5: 3 | B5: =B4-C4 | C5: =IF(A5<=Premissas!$B$21,B5*Premissas!$B$18,B5/(43-A5)) | D5: =IF(A5<Premissas!$B$21,SUM($E$2:E5),IF(A5=Premissas!$B$21,SUM($C$2:C4)*Premissas!$B$15*Premissas!$B$20+C5*Premissas!$B$15,C5*Premissas!$B$15)) | E5: =IF(A5<Premissas!$B$21,C5*Premissas!$B$15*Premissas!$B$19/(Premissas!$B$21-A5),0) | F5: =IF(A5<Premissas!$B$21,Premissas!$B$12*INDEX(Premissas!$D$3:$D$32,A5+1),0) | G5: =C5*Premissas!$B$24 | H5: =IF(A5=0,Premissas!$B$7*Premissas!$B$25*Premissas!$B$26,IF(A5<=Premissas!$B$21,Premissas!$B$7*Premissas!$B$25*(1-Premissas!$B$26)/Premissas!$B$21,0)) | I5: =Premissas!$B$7*Premissas!$B$27/43 | J5: =D5*Premissas!$B$28 | K5: =Premissas!$B$7*Premissas!$B$29/43 | L5: =D5-F5-G5-H5-I5-J5-K5 | M5: =M4+L5
A6: 4 | B6: =B5-C5 | C6: =IF(A6<=Premissas!$B$21,B6*Premissas!$B$18,B6/(43-A6)) | D6: =IF(A6<Premissas!$B$21,SUM($E$2:E6),IF(A6=Premissas!$B$21,SUM($C$2:C5)*Premissas!$B$15*Premissas!$B$20+C6*Premissas!$B$15,C6*Premissas!$B$15)) | E6: =IF(A6<Premissas!$B$21,C6*Premissas!$B$15*Premissas!$B$19/(Premissas!$B$21-A6),0) | F6: =IF(A6<Premissas!$B$21,Premissas!$B$12*INDEX(Premissas!$D$3:$D$32,A6+1),0) | G6: =C6*Premissas!$B$24 | H6: =IF(A6=0,Premissas!$B$7*Premissas!$B$25*Premissas!$B$26,IF(A6<=Premissas!$B$21,Premissas!$B$7*Premissas!$B$25*(1-Premissas!$B$26)/Premissas!$B$21,0)) | I6: =Premissas!$B$7*Premissas!$B$27/43 | J6: =D6*Premissas!$B$28 | K6: =Premissas!$B$7*Premissas!$B$29/43 | L6: =D6-F6-G6-H6-I6-J6-K6 | M6: =M5+L6
A7: 5 | B7: =B6-C6 | C7: =IF(A7<=Premissas!$B$21,B7*Premissas!$B$18,B7/(43-A7)) | D7: =IF(A7<Premissas!$B$21,SUM($E$2:E7),IF(A7=Premissas!$B$21,SUM($C$2:C6)*Premissas!$B$15*Premissas!$B$20+C7*Premissas!$B$15,C7*Premissas!$B$15)) | E7: =IF(A7<Premissas!$B$21,C7*Premissas!$B$15*Premissas!$B$19/(Premissas!$B$21-A7),0) | F7: =IF(A7<Premissas!$B$21,Premissas!$B$12*INDEX(Premissas!$D$3:$D$32,A7+1),0) | G7: =C7*Premissas!$B$24 | H7: =IF(A7=0,Premissas!$B$7*Premissas!$B$25*Premissas!$B$26,IF(A7<=Premissas!$B$21,Premissas!$B$7*Premissas!$B$25*(1-Premissas!$B$26)/Premissas!$B$21,0)) | I7: =Premissas!$B$7*Premissas!$B$27/43 | J7: =D7*Premissas!$B$28 | K7: =Premissas!$B$7*Premissas!$B$29/43 | L7: =D7-F7-G7-H7-I7-J7-K7 | M7: =M6+L7
A8: 6 | B8: =B7-C7 | C8: =IF(A8<=Premissas!$B$21,B8*Premissas!$B$18,B8/(43-A8)) | D8: =IF(A8<Premissas!$B$21,SUM($E$2:E8),IF(A8=Premissas!$B$21,SUM($C$2:C7)*Premissas!$B$15*Premissas!$B$20+C8*Premissas!$B$15,C8*Premissas!$B$15)) | E8: =IF(A8<Premissas!$B$21,C8*Premissas!$B$15*Premissas!$B$19/(Premissas!$B$21-A8),0) | F8: =IF(A8<Premissas!$B$21,Premissas!$B$12*INDEX(Premissas!$D$3:$D$32,A8+1),0) | G8: =C8*Premissas!$B$24 | H8: =IF(A8=0,Premissas!$B$7*Premissas!$B$25*Premissas!$B$26,IF(A8<=Premissas!$B$21,Premissas!$B$7*Premissas!$B$25*(1-Premissas!$B$26)/Premissas!$B$21,0)) | I8: =Premissas!$B$7*Premissas!$B$27/43 | J8: =D8*Premissas!$B$28 | K8: =Premissas!$B$7*Premissas!$B$29/43 | L8: =D8-F8-G8-H8-I8-J8-K8 | M8: =M7+L8
A9: 7 | B9: =B8-C8 | C9: =IF(A9<=Premissas!$B$21,B9*Premissas!$B$18,B9/(43-A9)) | D9: =IF(A9<Premissas!$B$21,SUM($E$2:E9),IF(A9=Premissas!$B$21,SUM($C$2:C8)*Premissas!$B$15*Premissas!$B$20+C9*Premissas!$B$15,C9*Premissas!$B$15)) | E9: =IF(A9<Premissas!$B$21,C9*Premissas!$B$15*Premissas!$B$19/(Premissas!$B$21-A9),0) | F9: =IF(A9<Premissas!$B$21,Premissas!$B$12*INDEX(Premissas!$D$3:$D$32,A9+1),0) | G9: =C9*Premissas!$B$24 | H9: =IF(A9=0,Premissas!$B$7*Premissas!$B$25*Premissas!$B$26,IF(A9<=Premissas!$B$21,Premissas!$B$7*Premissas!$B$25*(1-Premissas!$B$26)/Premissas!$B$21,0)) | I9: =Premissas!$B$7*Premissas!$B$27/43 | J9: =D9*Premissas!$B$28 | K9: =Premissas!$B$7*Premissas!$B$29/43 | L9: =D9-F9-G9-H9-I9-J9-K9 | M9: =M8+L9
A10: 8 | B10: =B9-C9 | C10: =IF(A10<=Premissas!$B$21,B10*Premissas!$B$18,B10/(43-A10)) | D10: =IF(A10<Premissas!$B$21,SUM($E$2:E10),IF(A10=Premissas!$B$21,SUM($C$2:C9)*Premissas!$B$15*Premissas!$B$20+C10*Premissas!$B$15,C10*Premissas!$B$15)) | E10: =IF(A10<Premissas!$B$21,C10*Premissas!$B$15*Premissas!$B$19/(Premissas!$B$21-A10),0) | F10: =IF(A10<Premissas!$B$21,Premissas!$B$12*INDEX(Premissas!$D$3:$D$32,A10+1),0) | G10: =C10*Premissas!$B$24 | H10: =IF(A10=0,Premissas!$B$7*Premissas!$B$25*Premissas!$B$26,IF(A10<=Premissas!$B$21,Premissas!$B$7*Premissas!$B$25*(1-Premissas!$B$26)/Premissas!$B$21,0)) | I10: =Premissas!$B$7*Premissas!$B$27/43 | J10: =D10*Premissas!$B$28 | K10: =Premissas!$B$7*Premissas!$B$29/43 | L10: =D10-F10-G10-H10-I10-J10-K10 | M10: =M9+L10
A11: 9 | B11: =B10-C10 | C11: =IF(A11<=Premissas!$B$21,B11*Premissas!$B$18,B11/(43-A11)) | D11: =IF(A11<Premissas!$B$21,SUM($E$2:E11),IF(A11=Premissas!$B$21,SUM($C$2:C10)*Premissas!$B$15*Premissas!$B$20+C11*Premissas!$B$15,C11*Premissas!$B$15)) | E11: =IF(A11<Premissas!$B$21,C11*Premissas!$B$15*Premissas!$B$19/(Premissas!$B$21-A11),0) | F11: =IF(A11<Premissas!$B$21,Premissas!$B$12*INDEX(Premissas!$D$3:$D$32,A11+1),0) | G11: =C11*Premissas!$B$24 | H11: =IF(A11=0,Premissas!$B$7*Premissas!$B$25*Premissas!$B$26,IF(A11<=Premissas!$B$21,Premissas!$B$7*Premissas!$B$25*(1-Premissas!$B$26)/Premissas!$B$21,0)) | I11: =Premissas!$B$7*Premissas!$B$27/43 | J11: =D11*Premissas!$B$28 | K11: =Premissas!$B$7*Premissas!$B$29/43 | L11: =D11-F11-G11-H11-I11-J11-K11 | M11: =M10+L11
A12: 10 | B12: =B11-C11 | C12: =IF(A12<=Premissas!$B$21,B12*Premissas!$B$18,B12/(43-A12)) | D12: =IF(A12<Premissas!$B$21,SUM($E$2:E12),IF(A12=Premissas!$B$21,SUM($C$2:C11)*Premissas!$B$15*Premissas!$B$20+C12*Premissas!$B$15,C12*Premissas!$B$15)) | E12: =IF(A12<Premissas!$B$21,C12*Premissas!$B$15*Premissas!$B$19/(Premissas!$B$21-A12),0) | F12: =IF(A12<Premissas!$B$21,Premissas!$B$12*INDEX(Premissas!$D$3:$D$32,A12+1),0) | G12: =C12*Premissas!$B$24 | H12: =IF(A12=0,Premissas!$B$7*Premissas!$B$25*Premissas!$B$26,IF(A12<=Premissas!$B$21,Premissas!$B$7*Premissas!$B$25*(1-Premissas!$B$26)/Premissas!$B$21,0)) | I12: =Premissas!$B$7*Premissas!$B$27/43 | J12: =D12*Premissas!$B$28 | K12: =Premissas!$B$7*Premissas!$B$29/43 | L12: =D12-F12-G12-H12-I12-J12-K12 | M12: =M11+L12
A13: 11 | B13: =B12-C12 | C13: =IF(A13<=Premissas!$B$21,B13*Premissas!$B$18,B13/(43-A13)) | D13: =IF(A13<Premissas!$B$21,SUM($E$2:E13),IF(A13=Premissas!$B$21,SUM($C$2:C12)*Premissas!$B$15*Premissas!$B$20+C13*Premissas!$B$15,C13*Premissas!$B$15)) | E13: =IF(A13<Premissas!$B$21,C13*Premissas!$B$15*Premissas!$B$19/(Premissas!$B$21-A13),0) | F13: =IF(A13<Premissas!$B$21,Premissas!$B$12*INDEX(Premissas!$D$3:$D$32,A13+1),0) | G13: =C13*Premissas!$B$24 | H13: =IF(A13=0,Premissas!$B$7*Premissas!$B$25*Premissas!$B$26,IF(A13<=Premissas!$B$21,Premissas!$B$7*Premissas!$B$25*(1-Premissas!$B$26)/Premissas!$B$21,0)) | I13: =Premissas!$B$7*Premissas!$B$27/43 | J13: =D13*Premissas!$B$28 | K13: =Premissas!$B$7*Premissas!$B$29/43 | L13: =D13-F13-G13-H13-I13-J13-K13 | M13: =M12+L13
A14: 12 | B14: =B13-C13 | C14: =IF(A14<=Premissas!$B$21,B14*Premissas!$B$18,B14/(43-A14)) | D14: =IF(A14<Premissas!$B$21,SUM($E$2:E14),IF(A14=Premissas!$B$21,SUM($C$2:C13)*Premissas!$B$15*Premissas!$B$20+C14*Premissas!$B$15,C14*Premissas!$B$15)) | E14: =IF(A14<Premissas!$B$21,C14*Premissas!$B$15*Premissas!$B$19/(Premissas!$B$21-A14),0) | F14: =IF(A14<Premissas!$B$21,Premissas!$B$12*INDEX(Premissas!$D$3:$D$32,A14+1),0) | G14: =C14*Premissas!$B$24 | H14: =IF(A14=0,Premissas!$B$7*Premissas!$B$25*Premissas!$B$26,IF(A14<=Premissas!$B$21,Premissas!$B$7*Premissas!$B$25*(1-Premissas!$B$26)/Premissas!$B$21,0)) | I14: =Premissas!$B$7*Premissas!$B$27/43 | J14: =D14*Premissas!$B$28 | K14: =Premissas!$B$7*Premissas!$B$29/43 | L14: =D14-F14-G14-H14-I14-J14-K14 | M14: =M13+L14
... A44: 42 | B44: =B43-C43 | C44: =IF(A44<=Premissas!$B$21,B44*Premissas!$B$18,B44/(43-A44)) | D44: =IF(A44<Premissas!$B$21,SUM($E$2:E44),IF(A44=Premissas!$B$21,SUM($C$2:C43)*Premissas!$B$15*Premissas!$B$20+C44*Premissas!$B$15,C44*Premissas!$B$15)) | E44: =IF(A44<Premissas!$B$21,C44*Premissas!$B$15*Premissas!$B$19/(Premissas!$B$21-A44),0) | F44: =IF(A44<Premissas!$B$21,Premissas!$B$12*INDEX(Premissas!$D$3:$D$32,A44+1),0) | G44: =C44*Premissas!$B$24 | H44: =IF(A44=0,Premissas!$B$7*Premissas!$B$25*Premissas!$B$26,IF(A44<=Premissas!$B$21,Premissas!$B$7*Premissas!$B$25*(1-Premissas!$B$26)/Premissas!$B$21,0)) | I44: =Premissas!$B$7*Premissas!$B$27/43 | J44: =D44*Premissas!$B$28 | K44: =Premissas!$B$7*Premissas!$B$29/43 | L44: =D44-F44-G44-H44-I44-J44-K44 | M44: =M43+L44
A47: RESULTADO (R$) | B47: =SUM(L2:L44)
A48: Margem s/ VGV | B48: =B47/Premissas!$B$7
A49: Exposição máxima (R$) | B49: =-MIN(M2:M44)
A50: Mês do pico | B50: =MATCH(MIN(M2:M44),M2:M44,0)-1
A51: Payback (mês) | B51: =COUNTIF(M2:M44,"<0")
A52: TIR mensal | B52: =IRR(L2:L44,0.02)
A53: TIR anual | B53: =(1+B52)^12-1
A55: Confere com o modelo committado (specs/qc01-lote21-viabilidade-modelo.py): resultado ~R$25,2M · 24,0% · exposição ~R$34,3M (M25) · TIR ~33% a.a.

Sheet Cenários
A1: AS 5 CONFIGURAÇÕES NA MESMA RÉGUA
A2: Preço fixo (core 1,0 M · Sky 1,5 M). VGV/obra/resultado por fórmula; TIR e exposição medidas no modelo mensal (--comparar).
A4: Configuração | B4: Core | C4: Sky | D4: Custo/m² | E4: Meses obra | F4: VGV (R$) | G4: Obra (R$) | H4: Resultado (R$) | I4: Margem | J4: TIR a.a.¹ | K4: Exposição¹ (R$)
A5: v1 — 25 pav · ~90 m | B5: 100 | C5: 4 | D5: 3200 | E5: 29 | F5: =B5*1000000+C5*1500000 | G5: =(B5*108+C5*160)*1.39*D5 | H5: =F5*(1-0.12-0.03-0.04-0.05)-G5-F5*0.04-F5*0.88*0.04 | I5: =H5/F5 | J5: 0.34 | K5: 34600000
A6: Altezza 27 — pior caso CA | B6: 80 | C6: 14 | D6: 3200 | E6: 30 | F6: =B6*1000000+C6*1500000 | G6: =(B6*108+C6*160)*1.39*D6 | H6: =F6*(1-0.12-0.03-0.04-0.05)-G6-F6*0.04-F6*0.88*0.04 | I6: =H6/F6 | J6: 0.33 | K6: 33000000
A7: ALTEZZA 29 — o projeto | B7: 84 | C7: 14 | D7: 3200 | E7: 30 | F7: =B7*1000000+C7*1500000 | G7: =(B7*108+C7*160)*1.39*D7 | H7: =F7*(1-0.12-0.03-0.04-0.05)-G7-F7*0.04-F7*0.88*0.04 | I7: =H7/F7 | J7: 0.33 | K7: 34300000
A8: CA 5,0 eficiente — 34 níveis | B8: 120 | C8: 4 | D8: 3250 | E8: 32 | F8: =B8*1000000+C8*1500000 | G8: =(B8*108+C8*160)*1.39*D8 | H8: =F8*(1-0.12-0.03-0.04-0.05)-G8-F8*0.04-F8*0.88*0.04 | I8: =H8/F8 | J8: 0.3 | K8: 41300000
A9: Coroa CA 5,0 — recorde ~140 m | B9: 96 | C9: 28 | D9: 3400 | E9: 34 | F9: =B9*1000000+C9*1500000 | G9: =(B9*108+C9*160)*1.39*D9 | H9: =F9*(1-0.12-0.03-0.04-0.05)-G9-F9*0.04-F9*0.88*0.04 | I9: =H9/F9 | J9: 0.25 | K9: 47200000
A11: ¹ TIR e exposição: medidas no modelo mensal committado (não são fórmula desta aba). Resultado por fórmula difere <2% do mensal (arredondamento de curvas).

Sheet Sensibilidade
A1: MARGEM % — CUSTO DE OBRA × PREÇO DO CORE (Altezza 29, fórmulas vivas)
A3: custo ↓ / preço → | B3: 900000 | C3: 950000 | D3: 1000000 | E3: 1050000 | F3: 1100000
A4: 2800 | B4: =((84*B$3+14*1500000)*(1-0.12-0.03-0.04-0.05)-(84*100+14*150)*1.39*$A4-(84*B$3+14*1500000)*0.04-(84*B$3+14*1500000)*0.88*0.04)/(84*B$3+14*1500000) | C4: =((84*C$3+14*1500000)*(1-0.12-0.03-0.04-0.05)-(84*100+14*150)*1.39*$A4-(84*C$3+14*1500000)*0.04-(84*C$3+14*1500000)*0.88*0.04)/(84*C$3+14*1500000) | D4: =((84*D$3+14*1500000)*(1-0.12-0.03-0.04-0.05)-(84*100+14*150)*1.39*$A4-(84*D$3+14*1500000)*0.04-(84*D$3+14*1500000)*0.88*0.04)/(84*D$3+14*1500000) | E4: =((84*E$3+14*1500000)*(1-0.12-0.03-0.04-0.05)-(84*100+14*150)*1.39*$A4-(84*E$3+14*1500000)*0.04-(84*E$3+14*1500000)*0.88*0.04)/(84*E$3+14*1500000) | F4: =((84*F$3+14*1500000)*(1-0.12-0.03-0.04-0.05)-(84*100+14*150)*1.39*$A4-(84*F$3+14*1500000)*0.04-(84*F$3+14*1500000)*0.88*0.04)/(84*F$3+14*1500000)
A5: 3000 | B5: =((84*B$3+14*1500000)*(1-0.12-0.03-0.04-0.05)-(84*100+14*150)*1.39*$A5-(84*B$3+14*1500000)*0.04-(84*B$3+14*1500000)*0.88*0.04)/(84*B$3+14*1500000) | C5: =((84*C$3+14*1500000)*(1-0.12-0.03-0.04-0.05)-(84*100+14*150)*1.39*$A5-(84*C$3+14*1500000)*0.04-(84*C$3+14*1500000)*0.88*0.04)/(84*C$3+14*1500000) | D5: =((84*D$3+14*1500000)*(1-0.12-0.03-0.04-0.05)-(84*100+14*150)*1.39*$A5-(84*D$3+14*1500000)*0.04-(84*D$3+14*1500000)*0.88*0.04)/(84*D$3+14*1500000) | E5: =((84*E$3+14*1500000)*(1-0.12-0.03-0.04-0.05)-(84*100+14*150)*1.39*$A5-(84*E$3+14*1500000)*0.04-(84*E$3+14*1500000)*0.88*0.04)/(84*E$3+14*1500000) | F5: =((84*F$3+14*1500000)*(1-0.12-0.03-0.04-0.05)-(84*100+14*150)*1.39*$A5-(84*F$3+14*1500000)*0.04-(84*F$3+14*1500000)*0.88*0.04)/(84*F$3+14*1500000)
A6: 3200 | B6: =((84*B$3+14*1500000)*(1-0.12-0.03-0.04-0.05)-(84*100+14*150)*1.39*$A6-(84*B$3+14*1500000)*0.04-(84*B$3+14*1500000)*0.88*0.04)/(84*B$3+14*1500000) | C6: =((84*C$3+14*1500000)*(1-0.12-0.03-0.04-0.05)-(84*100+14*150)*1.39*$A6-(84*C$3+14*1500000)*0.04-(84*C$3+14*1500000)*0.88*0.04)/(84*C$3+14*1500000) | D6: =((84*D$3+14*1500000)*(1-0.12-0.03-0.04-0.05)-(84*100+14*150)*1.39*$A6-(84*D$3+14*1500000)*0.04-(84*D$3+14*1500000)*0.88*0.04)/(84*D$3+14*1500000) | E6: =((84*E$3+14*1500000)*(1-0.12-0.03-0.04-0.05)-(84*100+14*150)*1.39*$A6-(84*E$3+14*1500000)*0.04-(84*E$3+14*1500000)*0.88*0.04)/(84*E$3+14*1500000) | F6: =((84*F$3+14*1500000)*(1-0.12-0.03-0.04-0.05)-(84*100+14*150)*1.39*$A6-(84*F$3+14*1500000)*0.04-(84*F$3+14*1500000)*0.88*0.04)/(84*F$3+14*1500000)
A7: 3400 | B7: =((84*B$3+14*1500000)*(1-0.12-0.03-0.04-0.05)-(84*100+14*150)*1.39*$A7-(84*B$3+14*1500000)*0.04-(84*B$3+14*1500000)*0.88*0.04)/(84*B$3+14*1500000) | C7: =((84*C$3+14*1500000)*(1-0.12-0.03-0.04-0.05)-(84*100+14*150)*1.39*$A7-(84*C$3+14*1500000)*0.04-(84*C$3+14*1500000)*0.88*0.04)/(84*C$3+14*1500000) | D7: =((84*D$3+14*1500000)*(1-0.12-0.03-0.04-0.05)-(84*100+14*150)*1.39*$A7-(84*D$3+14*1500000)*0.04-(84*D$3+14*1500000)*0.88*0.04)/(84*D$3+14*1500000) | E7: =((84*E$3+14*1500000)*(1-0.12-0.03-0.04-0.05)-(84*100+14*150)*1.39*$A7-(84*E$3+14*1500000)*0.04-(84*E$3+14*1500000)*0.88*0.04)/(84*E$3+14*1500000) | F7: =((84*F$3+14*1500000)*(1-0.12-0.03-0.04-0.05)-(84*100+14*150)*1.39*$A7-(84*F$3+14*1500000)*0.04-(84*F$3+14*1500000)*0.88*0.04)/(84*F$3+14*1500000)
A8: 3600 | B8: =((84*B$3+14*1500000)*(1-0.12-0.03-0.04-0.05)-(84*100+14*150)*1.39*$A8-(84*B$3+14*1500000)*0.04-(84*B$3+14*1500000)*0.88*0.04)/(84*B$3+14*1500000) | C8: =((84*C$3+14*1500000)*(1-0.12-0.03-0.04-0.05)-(84*100+14*150)*1.39*$A8-(84*C$3+14*1500000)*0.04-(84*C$3+14*1500000)*0.88*0.04)/(84*C$3+14*1500000) | D8: =((84*D$3+14*1500000)*(1-0.12-0.03-0.04-0.05)-(84*100+14*150)*1.39*$A8-(84*D$3+14*1500000)*0.04-(84*D$3+14*1500000)*0.88*0.04)/(84*D$3+14*1500000) | E8: =((84*E$3+14*1500000)*(1-0.12-0.03-0.04-0.05)-(84*100+14*150)*1.39*$A8-(84*E$3+14*1500000)*0.04-(84*E$3+14*1500000)*0.88*0.04)/(84*E$3+14*1500000) | F8: =((84*F$3+14*1500000)*(1-0.12-0.03-0.04-0.05)-(84*100+14*150)*1.39*$A8-(84*F$3+14*1500000)*0.04-(84*F$3+14*1500000)*0.88*0.04)/(84*F$3+14*1500000)
A9: 3800 | B9: =((84*B$3+14*1500000)*(1-0.12-0.03-0.04-0.05)-(84*100+14*150)*1.39*$A9-(84*B$3+14*1500000)*0.04-(84*B$3+14*1500000)*0.88*0.04)/(84*B$3+14*1500000) | C9: =((84*C$3+14*1500000)*(1-0.12-0.03-0.04-0.05)-(84*100+14*150)*1.39*$A9-(84*C$3+14*1500000)*0.04-(84*C$3+14*1500000)*0.88*0.04)/(84*C$3+14*1500000) | D9: =((84*D$3+14*1500000)*(1-0.12-0.03-0.04-0.05)-(84*100+14*150)*1.39*$A9-(84*D$3+14*1500000)*0.04-(84*D$3+14*1500000)*0.88*0.04)/(84*D$3+14*1500000) | E9: =((84*E$3+14*1500000)*(1-0.12-0.03-0.04-0.05)-(84*100+14*150)*1.39*$A9-(84*E$3+14*1500000)*0.04-(84*E$3+14*1500000)*0.88*0.04)/(84*E$3+14*1500000) | F9: =((84*F$3+14*1500000)*(1-0.12-0.03-0.04-0.05)-(84*100+14*150)*1.39*$A9-(84*F$3+14*1500000)*0.04-(84*F$3+14*1500000)*0.88*0.04)/(84*F$3+14*1500000)
A10: 4000 | B10: =((84*B$3+14*1500000)*(1-0.12-0.03-0.04-0.05)-(84*100+14*150)*1.39*$A10-(84*B$3+14*1500000)*0.04-(84*B$3+14*1500000)*0.88*0.04)/(84*B$3+14*1500000) | C10: =((84*C$3+14*1500000)*(1-0.12-0.03-0.04-0.05)-(84*100+14*150)*1.39*$A10-(84*C$3+14*1500000)*0.04-(84*C$3+14*1500000)*0.88*0.04)/(84*C$3+14*1500000) | D10: =((84*D$3+14*1500000)*(1-0.12-0.03-0.04-0.05)-(84*100+14*150)*1.39*$A10-(84*D$3+14*1500000)*0.04-(84*D$3+14*1500000)*0.88*0.04)/(84*D$3+14*1500000) | E10: =((84*E$3+14*1500000)*(1-0.12-0.03-0.04-0.05)-(84*100+14*150)*1.39*$A10-(84*E$3+14*1500000)*0.04-(84*E$3+14*1500000)*0.88*0.04)/(84*E$3+14*1500000) | F10: =((84*F$3+14*1500000)*(1-0.12-0.03-0.04-0.05)-(84*100+14*150)*1.39*$A10-(84*F$3+14*1500000)*0.04-(84*F$3+14*1500000)*0.88*0.04)/(84*F$3+14*1500000)
A12: Piso de disciplina: 20% (benchmark CVM: Lavvi 26,4% · Cyrela 25,4%). Sky fixa em R$ 1,5 M.

Sheet Quadro de Áreas
A1: QUADRO DE ÁREAS — PROGRAMA COMPLETO DO CADERNO
A3: Natureza | B3: m² | C3: Peso NBR 12721 | D3: Equivalente (m²)
A4: Privativa (84×108 + 14×160) | B4: =84*108+14*160 | C4: 1 | D4: =B4*C4
A5: Comum coberta (térreo 700 + circulações 2.380 + rooftop cob. 150 + máquinas 100) | B5: 3330 | C5: 0.75 | D5: =B5*C5
A6: Rooftop descoberto (piscina/deck) | B6: 175 | C6: 0.3 | D6: =B6*C6
A7: Garagem (2 subsolos) | B7: 4300 | C7: 0.55 | D7: =B7*C7
A8: TOTAL | B8: =SUM(B4:B7) | D8: =SUM(D4:D7)
A10: Obra do programa completo = equivalente × custo/m² (Premissas!B11): | B10: =D8*Premissas!$B$11
A11: Delta vs modelo-base (fator 1,39 → 14.595 m²): programa completo custa mais e leva a margem-base de 24,0% para ~21,5% — válvulas FLEX e preço no caderno (§6).

Sheet Garagem
A1: GARAGENS — 154 VAGAS EM 2 SUBSOLOS
A3: Item | B3: Quant. | C3: Nota
A4: Vagas core (1/un garantida) | B4: 84 | C4: 2,5 × 5,0 m
A5: Vagas Sky (2/un) | B5: 28 | C5: par contíguo ao núcleo
A6: Avulsas vendáveis | B6: 28 | C6: upside ≈ R$ 1,1 M fora do VGV (28 × ~R$ 40 mil)
A7: Visitas | B7: 8 | C7: rotativas
A8: PCD + idoso | B8: 6 | C8: 3,7 × 5,0 m
A9: TOTAL | B9: =SUM(B4:B8)
A11: Receita de vagas avulsas (fora do VGV): | B11: =B6*40000
A12: Complementos: 12 motos · 100 bikes + oficina · 98 depósitos · 32 vagas EV-ready (infra passante 100%)
